 Dungeon Crawl Stone Soup version 0.31.0-11-ge490571c62 (webtiles) character file.

Game seed: 16961604272826633343

44 MollyMolluskus the Shield-Bearer (level 3, -8/26 HPs)
             Began as an Octopode Fighter on Feb 3, 2024.
             Killed from afar by Natasha (11 damage)
             ... with a magic dart
             ... on level 2 of the Dungeon.
             The game lasted 00:02:19 (670 turns).

MollyMolluskus the Shield-Bearer (Octopode Fighter)  Turns: 670, Time: 00:02:21

Health: -8/26      AC:  1    Str: 17    XL:     3   Next: 60%
Magic:  3/3        EV: 13    Int: 10    God:
Gold:   92         SH:  4    Dex: 11    Spells: 2/2 levels left

rFire   . .          .
                       - Unarmed
rCold   . . .        a - +0 buckler
rNeg    . . .        (helmet restricted)
rPois   .            (no amulet)
rElec   .            (no ring)
rCorr   .            (no ring)
SInv    .            (no ring)
Will    .....        (no ring)
Stlth   +++          (no ring)
HPRegen 0.24/turn    (no ring)
MPRegen 0.08/turn    (no ring)
                     (no ring)

%: no passive effects
@: no status effects
A: almost no armour, amphibious, 8 rings, camouflage 1, gelatinous body 1,
(nimble swimmer 1), tentacles
a: no special abilities


You were on level 2 of the Dungeon.
You visited 1 branch of the dungeon, and saw 2 of its levels.

You collected 92 gold pieces.

Inventory:

Missiles
 c - 9 stones (quivered)
Armour
 a - a +0 buckler (worn)
Potions
 b - a potion of might
 d - a potion of enlightenment {unknown}
 e - 3 potions of curing {unknown}
 f - a potion of degeneration {unknown}
 g - a potion of haste {unknown}
 h - a potion of attraction {unknown}


   Skills:
 + Level 3.2 Fighting
 + Level 3.2 Dodging
 + Level 1.7 Stealth
 + Level 3.2 Shields
 * Level 2.7 Unarmed Combat


You had 2 spell levels left.
You didn't know any spells.
Your spell library was empty.

Dungeon Overview and Level Annotations

Branches:
Dungeon (2/15)

Altars:

Annotations:
D:2 Natasha


Innate Abilities, Weirdness & Mutations

You cannot wear most types of armour.
You are amphibious.
You can wear up to eight rings at the same time.
Your skin changes colour to match your surroundings (Stealth+).
Your rubbery body absorbs attacks. (AC +1, EV +1)
((You are camouflaged when in or above water. (Stealth+)))
You have tentacles for arms and can constrict up to eight enemies at once.


Message History

Natasha yowls pathetically as she dies!
The cerulean imp disappears in a puff of smoke! x2
You have reached level 3!
Your experience leads to an increase in your attributes!
Increase (S)trength, (I)ntelligence, or (D)exterity?
You feel stronger. x2
You tentacle-slap the hobgoblin but do no damage.
Your grab misses the hobgoblin. Your squeeze misses the hobgoblin.
The hobgoblin closely misses you.
You closely miss the hobgoblin. Your grab misses the hobgoblin.
The hobgoblin hits you but does no damage.
You closely miss the hobgoblin. Your grab misses the hobgoblin.
The hobgoblin misses you.
You bludgeon the hobgoblin!
You kill the hobgoblin!
The ball python barely misses you. The ball python grabs you.
The ball python constricts you.
You closely miss the ball python. Your grab misses the ball python.
Natasha, Servant of Life and Death comes into view.
The ball python bites you.
* * * LOW HITPOINT WARNING * * *
The ball python constricts you.
You tentacle-slap the ball python.
You kill the ball python!
You tentacle-slap Natasha. Your grab misses Natasha.
Your squeeze misses Natasha.
Natasha is moderately wounded.
Natasha completely misses you.
You tentacle-slap Natasha but do no damage.
Your grab misses Natasha.
Your tentacle-slap misses Natasha.
Natasha is moderately wounded.
Natasha misses you.
You tentacle-slap Natasha. Your grab misses Natasha. You squeeze Natasha.
Natasha is severely wounded.
Natasha mumbles some strange words.
Natasha shimmers violently.
Natasha stares at you and mumbles some strange words.
The magic dart hits you!
You die...
Natasha curls up and begins to purr.

##.......
####..######
## ##....## #
#.. #..#### #
#..# #.## #
#$.### ###># #
#.†.###...#
######.#...###
......$.@.###
..#.:###h##
.... #.# ..#
... . ##...
#.## #.# #.#


You could see Natasha.

Vanquished Creatures
  Natasha (D:2)
  2 ball pythons
  An endoplasm (D:1)
  A goblin (D:1)
  A hobgoblin (D:2)
  2 jackals (D:1)
  3 quokkas (D:1)
  A bat (D:1)
  A frilled lizard (D:1)
  3 kobolds (D:1)
  A rat (D:1)
17 creatures vanquished.

Notes
Turn   | Place    | Note
-------+----------+-------------------------------------------
     0 | D:1      | MollyMolluskus the Octopode Fighter began the quest for the
                  | Orb.
     0 | D:1      | Reached XP level 1. HP: 16/16 MP: 1/1
     6 | D:1      | Noticed a wolf
     6 | D:1      | Noticed a komodo dragon
     6 | D:1      | Noticed a brain worm
     7 | D:1      | Noticed a five-headed hydra
     7 | D:1      | Noticed a scorpion
   167 | D:1      | Reached XP level 2. HP: 21/21 MP: 2/2
   314 | D:1      | Reached skill level 1 in Stealth
   651 | D:2      | Noticed Natasha
   660 | D:2      | Killed Natasha
   661 | D:2      | Reached XP level 3. HP: 3/26 MP: 3/3
   665 | D:2      | Noticed Natasha
   670 | D:2      | Killed from afar by Natasha

Illustrated notes

Levels and vault maps discovered:
D:1:      onia_arrival_zoo_common, layout_basic
D:2:      layout_rooms, basic_altar, hellmonk_ecumenical_altar_heavens_door,
          uniq_natasha

Skill      XL: |  1  2 |
---------------+-------+-----
Stealth        | 1 |  1.7
Fighting       | |  3.2
Dodging        | |  3.2
Shields        | |  3.2
Unarmed Combat | |  2.7

Action                     || total
---------------------------++-------
  Melee: Unarmed           ||    45
         Constrict         ||    10
         Tentacles         ||     7
   Stab: Sleeping          ||     3
 Armour: Skin              ||    18
  Dodge: Dodged            ||    24
  Block: Buckler           ||     7
